Map: Tours du crépuscule

Players

zidar

  • Race: Zerg Zerg
  • League: Silver
  • Spawn Location: 7:00

Myotic - Winner!

  • Race: Zerg Zerg
  • Spawn Location: 1:00

VOD

Have the link to the VOD?

Description

Time

  • Played on: Feb. 4, 2016, 2:03 p.m.
  • Length: 10:01
Show
View Real Time Build Order
Export as new Build Order

zidar Zerg 

Build Orders: Pool First 

Get SALT Encoding   

  12  0:01  Drone  
  13  0:12  Overlord  
  13  0:20  Drone  
  14  0:30  Drone x2  
  14  0:34  Drone  
  17  0:49  Spawning Pool  
  16  0:50  Drone  
  17  1:14  Hatchery  
  17  1:16  Drone  
  17  1:22  Drone  
  18  1:26  Extractor  
  17  1:38  Queen  
  19  1:40  Overlord  
  19  1:54  Spine Crawler  
  19  2:00  Drone x3  
  21  2:25  Zergling x4  
  23  2:33  Zergling x2  
  23  2:36  Overlord  
  23  2:58  Zergling x2  
  23  2:59  Zergling x10  
  23  3:05  Baneling Nest  
  28  3:07  Queen  
  28  3:10  Overlord  
  30  3:31  Roach Warren  
  29  4:10  Roach x7  
  43  4:19  Roach x3  
  49  4:28  Lair  
  48  5:34  Spire  
  47  5:37  Extractor  
  47  5:41  Drone x5  
  49  6:02  Ravager  
  50  6:16  Drone x2  
  52  6:19  Overlord x2  
  52  6:25  Extractor  
  51  6:28  Extractor  
  50  6:43  Drone x6  
  56  7:05  Mutalisk x3  
  56  7:07  Mutalisk  
  64  7:17  Mutalisk  
  66  7:39  Mutalisk  
  66  7:44  Overlord x2  
  68  7:45  Overlord  
  68  8:03  Mutalisk  
  68  8:04  Mutalisk x3  
  76  8:23  Mutalisk  
  76  8:24  Mutalisk  
  80  8:41  Mutalisk x2  
Show
View Real Time Build Order
Export as new Build Order

Myotic Zerg - Winner!

Build Orders: Pool First 

Get SALT Encoding   

  12  0:01  Drone  
  13  0:11  Drone  
  14  0:17  Overlord  
  15  0:35  Drone  
  15  0:36  Drone x2  
  17  0:45  Spawning Pool  
  17  0:48  Extractor  
  15  0:50  Drone  
  16  0:58  Drone  
  17  1:10  Drone  
  18  1:23  Drone  
  19  1:32  Queen  
  21  1:33  Overlord  
  21  1:40  Drone  
  22  1:52  Metabolic Boost  
  22  1:54  Hatchery  
  21  2:04  Drone x2  
  23  2:17  Zergling x2  
  24  2:23  Zergling x2  
  25  2:35  Drone  
  26  2:41  Overlord, Zergling x4  
  28  3:01  Roach Warren  
  27  3:07  Queen  
  27  3:08  Drone x2  
  27  3:11  Drone  
  27  3:12  Drone x3  
  35  3:20  Extractor  
  35  3:25  Drone  
  35  3:26  Drone  
  36  3:28  Overlord  
  36  3:39  Zergling x2  
  36  3:43  Drone  
  36  3:44  Evolution Chamber  
  36  3:50  Zergling x2  
  36  3:51  Zergling x4  
  36  3:52  Roach x2  
  36  3:53  Roach  
  45  4:03  Drone  
  46  4:33  Roach x3  
  46  4:34  Overlord x2  
  46  4:35  Overlord x3  
  52  4:43  Overlord  
  52  4:45  Zerg Missile Weapons Level 1  
  51  4:50  Spine Crawler  
  51  4:51  Spine Crawler  
  51  4:52  Roach, Spine Crawler  
  52  4:53  Roach  
  52  4:56  Zergling x2  
  52  4:59  Zergling x2  
  54  5:06  Zergling x2  
  54  5:07  Zergling x6  
  58  5:22  Roach x3  
  58  5:23  Roach  
  66  5:38  Drone x3  
  66  5:41  Evolution Chamber  
  65  6:06  Lair  
  65  6:07  Zerg Ground Armor Level 1  
  65  6:08  Drone x5  
  65  6:09  Drone x2  
  65  6:10  Drone  
  71  6:18  Drone x3  
  72  6:20  Drone  
  73  6:42  Extractor x2  
  73  6:45  Roach x4  
  73  6:46  Roach  
  83  6:47  Roach x3  
  83  6:49  Roach  
  89  7:03  Glial Reconstitution  
  89  7:04  Zerg Missile Weapons Level 2  
  89  7:09  Drone  
  89  7:10  Drone x2  
  89  7:14  Overlord x2  
  93  7:22  Ravager  
  93  7:23  Ravager x3  
  93  7:26  Ravager  
  97  7:38  Overseer  
  97  7:44  Zergling x2  
  97  7:45  Zergling x10  
  97  7:46  Zergling x4  
  97  7:50  Zergling x6  
  108  7:51  Zergling x2  
  108  7:52  Zergling x2  
  110  8:16  Spore Crawler  
  110  8:17  Hydralisk Den  
  110  8:19  Spore Crawler x2  
  106  8:21  Spore Crawler  
  106  8:22  Spore Crawler  
  106  8:23  Spore Crawler  
  106  8:24  Spore Crawler x2, Drone x4  
  106  8:25  Spore Crawler  
  104  8:31  Spore Crawler  
  103  8:37  Overlord  
  103  8:46  Muscular Augments  
  103  8:48  Overlord x4  
  96  9:25  Hydralisk  
  96  9:26  Hydralisk x2  
  96  9:27  Hydralisk x5  
Tags
 
Add a new tag
Caveats
  • Supply blocks, unpowered buildings, or Contaminate may cause inaccurate times.
  • Supply counts are checked every 10 seconds.